 Dungeon Crawl Stone Soup version 0.25.1-11-g244df3a29b (webtiles) character file.

Game seed: 17090067846432121381

317 DeepDeath the Slasher (level 6, -8/78 HPs)
             Began as a Minotaur Fighter on Jan 25, 2024.
             Mangled by a hornet (14 damage)
             ... on level 4 of the Dungeon.
             The game lasted 00:06:11 (2527 turns).

DeepDeath the Slasher (Minotaur Fighter)            Turns: 2527, Time: 00:06:11

Health: -8/78      AC:  9    Str: 21    XL:     6   Next: 20%
Magic:  4/6        EV: 10    Int:  5    God:
Gold:   115        SH:  5    Dex: 11    Spells: 5/5 levels left

rFire    + . .     SeeInvis .   a - +2 long sword
rCold    . . .     Gourm    .   (no shield)
rNeg     + . .     Faith    .   o - +1 ring mail {rF+}
rPois    .         Spirit   .   (helmet restricted)
rElec    .         Reflect  +   (no cloak)
rCorr    .         Harm     .   r - +1 pair of gloves
MR       .....                  (no boots)
Stlth    ..........             t - amulet of reflection
HPRegen  0.23/turn              m - ring of positive energy
MPRegen  0.10/turn              (no ring)

@: berserking, lethally poisoned (-8 -> -12), very quick
A: retaliatory headbutt, horns 2
a: no special abilities


You were on level 4 of the Dungeon.
You were not hungry.

You visited 1 branch of the dungeon, and saw 4 of its levels.

You collected 115 gold pieces.

Inventory:

Hand Weapons
 a - a +2 long sword (weapon)
Missiles
 h - 52 stones
 i - 31 sling bullets
 k - 31 arrows
 u - 37 bolts
 v - 20 poisoned darts (quivered)
Armour
 o - a +1 ring mail of fire resistance (worn)
 r - a +1 pair of gloves (worn)
Jewellery
 m - a ring of positive energy (left hand)
 t - an amulet of reflection (around neck)
Wands
 q - a wand of acid (20)
 s - a wand of random effects (12)
Scrolls
 e - a scroll of fear
 g - a scroll of fog
 j - a scroll of noise
 l - 3 scrolls of remove curse
Potions
 b - 2 potions of heal wounds
 c - a potion of curing
 d - a potion of might
 p - a potion of flight
Comestibles
 f - 7 rations
 n - a chunk of flesh


   Skills:
 - Level 4.0 Fighting
 * Level 6.8 Long Blades
 + Level 1.6 Throwing
 - Level 4.0 Armour
   Level 3.6 Shields
 + Level 1.4 Evocations


You had 5 spell levels left.
You didn't know any spells.
Your spell library was empty.

Dungeon Overview and Level Annotations

Branches:
Dungeon (4/15)
 Temple: D:4-7

Altars:
Ashenzari
Cheibriados
The Shining One


Innate Abilities, Weirdness & Mutations

You reflexively headbutt those who attack you in melee.
You have a pair of horns on your head.


Message History

* * * LOW HITPOINT WARNING * * *
You feel as though you will be slow longer.
The hornet stings you but does no damage.
You can move again.
You hit the hornet. Your headbutt misses the hornet.
The hornet is lightly wounded.
The hornet closely misses you. The hornet stings you.
* * * LOW HITPOINT WARNING * * *
You are poisoned.
You shrug off the repeated paralysis!
You closely miss the hornet.
The hornet is lightly wounded.
You feel yourself speed up.
You feel sick. The hornet barely misses you. You furiously retaliate!
You headbutt the hornet!
You riposte.
You slash the hornet!
The hornet is almost dead.
You closely miss the hornet.
The hornet is almost dead.
You feel sick. The hornet stings you!
You die...

...#.#.............
... #####.........
#.# +.<....... #.#
#......... #.#
#..#..#### #(#
#..#..#..# #(#
#........# #y#
#.#####)### #@# #
#...# #.# #.#.#
#.############.#
#............#.#
############.#.#
#.#.### #.#....
#.####. #.# #.


You could see a hornet.

Vanquished Creatures
  A scorpion (D:4)
  A hound (D:4)
  An iguana (D:2)
  3 worker ants (D:4)
  4 gnolls (D:2)
  3 adders
  An ooze (D:3)
  A worm (D:2)
  A dart slug (D:1)
  4 leopard geckos
  An orc (D:3)
  5 giant cockroaches
  10 hobgoblins
  A quokka (D:3)
  A ball python (D:2)
  8 bats
  3 frilled lizards
  8 goblins
  7 kobolds
  A leopard gecko skeleton (D:4)
  9 rats
74 creatures vanquished.

Notes
Turn   | Place    | Note
-------+----------+-------------------------------------------
     0 | D:1      | DeepDeath the Minotaur Fighter began the quest for the Orb.
     0 | D:1      | Reached XP level 1. HP: 19/19 MP: 0/0
   107 | D:1      | Reached skill level 3 in Long Blades
   107 | D:1      | Reached XP level 2. HP: 24/27 MP: 1/1
  1029 | D:2      | Reached XP level 3. HP: 33/33 MP: 2/2
  1065 | D:2      | Reached skill level 4 in Long Blades
  1083 | D:2      | Found a glowing golden altar of the Shining One.
  1333 | D:2      | Reached XP level 4. HP: 22/40 MP: 3/3
  1361 | D:2      | Reached skill level 5 in Long Blades
  1683 | D:2      | Found a faded altar of an unknown god.
  1733 | D:2      | Reached XP level 5. HP: 38/46 MP: 4/4
  1960 | D:3      | Found a snail-covered altar of Cheibriados.
  2104 | D:3      | Reached skill level 6 in Long Blades
  2119 | D:3      | Found a shattered altar of Ashenzari.
  2496 | D:4      | Reached skill level 1 in Throwing
  2514 | D:4      | Reached skill level 1 in Evocations
  2515 | D:4      | Noticed a hornet
  2519 | D:4      | Reached XP level 6. HP: 31/52 MP: 4/6
  2523 | D:4      | Paralysed by a hornet for 2 turns
  2527 | D:4      | Mangled by a hornet

Illustrated notes

Levels and vault maps discovered:
D:1:      eino_arrival_druids_welcome, layout_basic, minmay_cut_off
D:2:      layout_loops_ring, lemuel_crystal_altar,
          chequers_ecumenical_altar_simple_redux, first_ration
D:3:      layout_rooms, lemuel_coloured_pillars_altar, overflow_temple_1_default
D:4:      minmay_spotlight, layout_basic, lemuel_blue_sif_altar

Skill      XL: |  1  2  3  4  5 |
---------------+----------------+-----
Long Blades    | 3 4 5 6 |  6.8
Fighting       | 4 |  4.0
Armour         | 4 |  4.0
Throwing       | 1 |  1.6
Evocations     | 1 |  1.4
Shields        | |  3.6

Action                   |  1- 3 |  4- 6 || total
-------------------------+-------+-------++-------
Melee: Long sword        |    79 |    78 ||   157
       Headbutt          |    12 |    15 ||    27
Throw: Stone             |     2 |       ||     2
       Dart              |       |     7 ||     7
Evoke: Wand              |       |     2 ||     2
  Use: Scroll            |     2 |     8 ||    10
       Potion            |       |     1 ||     1
  Eat: Chunk             |     1 |     4 ||     5
Armor: Scale mail        |    36 |    18 ||    54
       Ring mail         |       |    23 ||    23
Dodge: Dodged            |    46 |    35 ||    81
Block: Other             |       |    11 ||    11
       Rpst.: Long sword |    11 |    14 ||    25
